 Dungeon Crawl Stone Soup version 0.23.1 (webtiles) character file.

Game seed: 0

435 OdinFK the Magician (level 6, -1/32 HPs)
             Began as a Deep Elf Fire Elementalist on Mar 5, 2019.
             Killed from afar by Sigmund (8 damage)
             ... with a puff of flame
             ... on level 4 of the Dungeon.
             The game lasted 00:17:39 (3657 turns).

OdinFK the Magician (Deep Elf Fire Elementalist)    Turns: 3657, Time: 00:17:40

Health: -1/32      AC:  2    Str:  5    XL:     6   Next: 68%
Magic:  5/16       EV: 13    Int: 22    God:
Gold:   179        SH:  0    Dex: 15    Spells: 6/16 levels left

rFire    . . .     SeeInvis .   d - +2 dagger (elec)
rCold    . . .     Gourm    .   (no shield)
rNeg     . . .     Faith    .   a - +0 robe
rPois    .         Spirit   .   (no helmet)
rElec    .         Reflect  .   (no cloak)
rCorr    .         Harm     .   (no gloves)
MR       .....                  (no boots)
Stlth    ++........             (no amulet)
HPRegen  0.10/turn              (no ring)
MPRegen  0.15/turn              (no ring)

@: no status effects
A: no striking features
a: no special abilities


You were on level 4 of the Dungeon.
You were not hungry.

You visited 1 branch of the dungeon, and saw 4 of its levels.

You collected 179 gold pieces.

Inventory:

Hand Weapons
 d - a +2 dagger of electrocution (weapon)
Armour
 a - a +0 robe (worn)
Wands
 m - a wand of random effects (15)
Scrolls
 e - a scroll of noise {unknown}
 f - 2 scrolls of enchant armour {unknown}
 h - a scroll of remove curse {unknown}
 i - a scroll of magic mapping {unknown}
 j - 2 scrolls of blinking {unknown}
 k - 2 scrolls of teleportation {unknown}
 l - a scroll of identify {unknown}
 p - 2 scrolls of fear {unknown}
 r - a scroll of amnesia {unknown}
Potions
 b - a potion of might
 n - a potion of resistance {unknown}
 q - a potion of agility {unknown}
Comestibles
 c - 11 rations
 g - a chunk of flesh


   Skills:
 + Level 0.2 Fighting
 + Level 2.7 Dodging
 - Level 2.4 Stealth
 + Level 5.8 Spellcasting
 * Level 5.2 Conjurations
 + Level 4.6 Fire Magic


You had 6 spell levels left.
You knew the following spells:

 Your Spells              Type           Power        Failure   Level  Hunger
a - Flame Tongue          Conj/Fire      ####.        1%          1    None
b - Throw Flame           Conj/Fire      ####..       1%          2    None
c - Conjure Flame         Conj/Fire      ####....     3%          3    ##.....
d - Sticky Flame          Conj/Fire      ####....     12%         4    ####...

Your spell library contained the following spells:

 Spells                   Type           Power        Failure   Level  Hunger
 Inner Flame              Hex/Fire       ###.....     11%         3    ##.....
 Fireball                 Conj/Fire      ####......   34%         5    #####..


Dungeon Overview and Level Annotations

Branches:
Dungeon (4/15)
 Temple: D:4-7

Altars:
Ashenzari
Fedhas
Kikubaaqudgha
Sif Muna
Uskayaw

Shops:
D:4 (

Annotations:
D:2 1 runed translucent door, Crazy Yiuf
D:4 Sigmund


Message History

You don't have enough magic to cast that spell.
You swing at nothing.
Something hits you!
* * * LOW HITPOINT WARNING * * *
It was a potion of curing.
You feel better. Something hits you.
* * * LOW HITPOINT WARNING * * *
Okay, then.
Okay, then.
Things that are here:
a +0 flail; a +0 leather armour You hear some strange, mumbled words.
You are confused.
You hear some strange, mumbled words.
You are more confused.
Something hits you!
* * * LOW HITPOINT WARNING * * *
You feel better. Something barely misses you.
You hear some strange, mumbled words.
A puff of flame appears from out of thin air!
The puff of flame hits you!
You die...

................#..........†.##..
...######.......#............####
........#.......#............##..
...####.#.......#............##.#
...# #.#.......#............##.#
...# #.#########............##.#
...####.# #.................##.#
.....##.# #.................##.#
.....##.####....@.#############.#
..........##...{..#..............
(.........##......#.###########.#
..........##......#.# #.....<#.#
..........##......#.####.###..#.#
......#.####......#......#....#.#
.####.#...........#.######.##.#.#
. #.##########.##.# #.##.#.# #.#
${#.#### #.##.#.#


There were no monsters in sight!

Vanquished Creatures
  2 hounds (D:4)
  An orc priest (D:4)
  2 orc wizards
  Terence (D:2)
  Natasha (thrice) (D:4)
  2 worker ants
  6 adders
  An ooze (D:1)
  A worm (D:2)
  2 dart slugs (D:1)
  3 leopard geckos (D:4)
  11 orcs
  5 bats
  8 giant cockroaches
  5 goblins
  5 hobgoblins
  3 quokkas
  2 ball pythons
  3 frilled lizards
  5 kobolds
  4 rats
75 creatures vanquished.

Vanquished Creatures (others)
  A human (D:2)
1 creature vanquished.

Grand Total: 76 creatures vanquished

Notes
Turn   | Place    | Note
-------+----------+-------------------------------------------
     0 | D:1      | OdinFK the Deep Elf Fire Elementalist began the quest for
                  | the Orb.
     0 | D:1      | Reached XP level 1. HP: 10/10 MP: 6/6
    99 | D:2      | Noticed Terence
   372 | D:1      | Reached XP level 2. HP: 15/15 MP: 2/8
   376 | D:1      | Learned a level 2 spell: Throw Flame
  1042 | D:2      | Reached XP level 3. HP: 19/19 MP: 7/10
  1047 | D:2      | Learned a level 3 spell: Conjure Flame
  1301 | D:2      | Found an ancient bone altar of Kikubaaqudgha.
  1302 | D:2      | Noticed a human
  1304 | D:2      | Killed a human
  1685 | D:2      | Killed Terence
  1685 | D:2      | Reached XP level 4. HP: 24/24 MP: 1/12
  1737 | D:2      | Found a runed translucent door.
  1738 | D:2      | Noticed Crazy Yiuf
  1950 | D:2      | Learned a level 4 spell: Sticky Flame
  2065 | D:3      | Reached XP level 5. HP: 21/28 MP: 2/14
  2197 | D:3      | Reached skill level 5 in Spellcasting
  2479 | D:3      | Found a shattered altar of Ashenzari.
  2480 | D:3      | Found a hide-covered altar of Uskayaw.
  2481 | D:3      | Found a blossoming altar of Fedhas.
  2482 | D:3      | Found a deep blue altar of Sif Muna.
  2817 | D:3      | Found a deep blue altar of Sif Muna.
  3022 | D:4      | Found Tealakom's Antique Weapon Shop.
  3113 | D:4      | Noticed Natasha
  3339 | D:4      | Killed Natasha
  3345 | D:4      | Noticed Natasha
  3367 | D:4      | Killed Natasha
  3367 | D:4      | Reached XP level 6. HP: 32/32 MP: 7/15
  3548 | D:4      | Noticed Natasha
  3552 | D:4      | Killed Natasha
  3552 | D:4      | Reached skill level 5 in Conjurations
  3617 | D:4      | Noticed Sigmund
  3657 | D:4      | Killed from afar by Sigmund

Skill      XL: |  1  2  3  4  5  6 |
---------------+-------------------+-----
Spellcasting   | 4 5 |  5.8
Conjurations   | 2 3 4 5 |  5.2
Fire Magic     | 4 |  4.6
Fighting       | |  0.2
Dodging        | |  2.7
Stealth        | |  2.4

Action                   |  1- 3 |  4- 6 || total
-------------------------+-------+-------++-------
Melee: Unarmed           |     7 |     3 ||    10
       Dagger            |       |     6 ||     6
 Cast: Flame Tongue      |    54 |    56 ||   110
       Throw Flame       |    26 |    39 ||    65
       Conjure Flame     |     5 |       ||     5
       Sticky Flame      |       |     5 ||     5
  Use: Potion            |       |     5 ||     5
  Eat: Chunk             |     3 |     7 ||    10
Armor: Robe              |     9 |     3 ||    12
       Skin              |       |     2 ||     2
Dodge: Dodged            |    31 |    23 ||    54
